 Dungeon Crawl Stone Soup version 0.23.2-40-g277498a001 (webtiles) character file.

Game seed: 14520123887687067550

284 Glamhuggeren the Bolt Thrower (level 6, -1/38 HPs)
             Began as a Kobold Hunter on Oct 4, 2019.
             Slain by a kobold
             ... wielding a +0 short sword
              (3 damage)
             ... on level 3 of the Dungeon.
             The game lasted 00:12:50 (2829 turns).

Glamhuggeren the Bolt Thrower (Kobold Hunter)       Turns: 2829, Time: 00:12:51

Health: -1/38      AC:  5    Str:  9    XL:     6   Next: 54%
Magic:  6/6        EV: 15    Int: 13    God:
Gold:   124        SH:  0    Dex: 17    Spells: 5/5 levels left

rFire    + . .     SeeInvis .   b - +0 short sword
rCold    x . .     Gourm    .   (shield restricted)
rNeg     . . .     Faith    .   c - +0 leather armour
rPois    .         Spirit   .   v - +0 helmet (curse)
rElec    .         Reflect  .   (no cloak)
rCorr    .         Harm     .   k - +0 pair of gloves
MR       .....                  (no boots)
Stlth    +++.......             (no amulet)
HPRegen  0.12/turn              x - ring of fire
MPRegen  0.10/turn              (no ring)

@: berserk cooldown, slowed, very slow
A: small, carnivore
a: no special abilities


You were on level 3 of the Dungeon.
You were very full.

You visited 1 branch of the dungeon, and saw 3 of its levels.

You collected 124 gold pieces.

Inventory:

Hand Weapons
 a - a +1 hand crossbow
 b - a +0 short sword (weapon)
Missiles
 d - 30 bolts
 r - 80 stones (quivered)
Armour
 c - a +0 leather armour (worn)
 k - a +0 pair of gloves (worn)
 v - a cursed +0 helmet (worn)
 A - a +0 buckler
Jewellery
 x - a ring of fire (left hand)
Scrolls
 h - a scroll of magic mapping {unknown}
 i - a scroll of fog {unknown}
 l - 3 scrolls of identify {unknown}
 n - a scroll of teleportation {unknown}
 q - 2 scrolls of enchant armour {unknown}
 u - a scroll of fear {unknown}
 w - a scroll of immolation {unknown}
 y - a scroll of noise {unknown}
Potions
 e - a potion of berserk rage
 g - a potion of heal wounds {unknown}
 j - 3 potions of haste
 m - 2 potions of ambrosia {unknown}
 o - a potion of curing {unknown}
 p - a potion of flight {unknown}
 s - a potion of magic {unknown}
 z - a potion of lignification {unknown}
Comestibles
 f - 10 rations


   Skills:
 - Level 4.0 Fighting
 * Level 6.7 Crossbows
 - Level 3.0 Dodging
 + Level 4.7 Stealth


You had 5 spell levels left.
You didn't know any spells.
Your spell library contained the following spells:

 Spells                   Type           Power        Failure   Level  Hunger
 Beastly Appendage        Tmut           #.....       41%         1    ##.....
 Sticks to Snakes         Tmut           #.......     54%         2    ###....
 Spider Form              Tmut/Pois      #.........   78%         3    ####...
 Ice Form                 Ice/Tmut       #.......     99%         4    #####..
 Blade Hands              Tmut           #.........   100%        5    ######.


Dungeon Overview and Level Annotations

Branches:
Dungeon (3/15)

Altars:


Innate Abilities, Weirdness & Mutations

You are small and have problems with some larger weapons.
You are carnivorous and can eat meat at any time.


Message History

Wield which item (- for none, * to show all)? (? for menu, Esc to quit)
b - a +0 short sword (weapon)
You closely miss the kobold.
The kobold is moderately wounded.
The kobold hits you but does no damage.
The kobold hits you with a +0 short sword.
* * * LOW HITPOINT WARNING * * *
You hit the kobold.
The kobold is heavily wounded.
The kobold closely misses you.
The kobold hits you with a +0 short sword.
* * * LOW HITPOINT WARNING * * *
You hit the kobold.
The kobold is severely wounded.
The kobold closely misses you.
You barely miss the kobold.
The kobold is severely wounded.
The kobold hits you but does no damage.
The kobold hits you with a +0 short sword.
You die...

.####.# ##.......# ....#.### #.........
.......... .. #......... #....... #. ...
#####......... ......####(###(#
..............
...........(.#.#######...........
.....### #.#(..#(...(............ .....#
##.#...#.......#........) ....##
##....(..@K.....#......... .<..#
#..#...(........#......... ....#
......()###..####......... ..).#
#####...####..###......... #).##
###...##............## #.##
#########..........######
#)######...............#.#
#.....##..........##.......#####
##.................#######.ā™£Pā‰ˆā‰ˆā™£#


You could see a kobold.

Vanquished Creatures
  An orc priest (D:3)
  Ijyb (D:3)
  Natasha (D:3)
  4 gnolls (D:2)
  9 adders (D:2)
  2 oozes (D:2)
  A worm (D:2)
  A dart slug (D:3)
  A leopard gecko (D:3)
  6 orcs
  A giant cockroach (D:3)
  5 goblins
  8 hobgoblins
  4 jackals (D:3)
  A quokka (D:3)
  A ball python (D:2)
  8 bats
  2 frilled lizards (D:2)
  10 kobolds
  7 rats
74 creatures vanquished.

Notes
Turn   | Place    | Note
-------+----------+-------------------------------------------
     0 | D:1      | Glamhuggeren the Kobold Hunter began the quest for the Orb.
     0 | D:1      | Reached XP level 1. HP: 12/12 MP: 1/1
   372 | D:1      | Reached XP level 2. HP: 18/18 MP: 2/2
   767 | D:1      | Reached skill level 5 in Crossbows
   876 | D:2      | Reached XP level 3. HP: 22/22 MP: 3/3
   935 | D:2      | Reached XP level 4. HP: 25/28 MP: 4/4
  1037 | D:2      | Reached XP level 5. HP: 5/32 MP: 5/5
  1612 | D:2      | Found a faded altar of an unknown god.
  2059 | D:2      | Reached skill level 6 in Crossbows
  2449 | D:3      | Reached XP level 6. HP: 38/38 MP: 6/6
  2707 | D:3      | Noticed Natasha
  2709 | D:3      | Killed Natasha
  2802 | D:3      | Noticed Ijyb
  2818 | D:3      | Killed Ijyb
  2829 | D:3      | Slain by a kobold

Skill      XL: |  1  2  3  4  5  6 |
---------------+-------------------+-----
Stealth        | 2 3 4 |  4.7
Crossbows      | 5 6 |  6.7
Dodging        | 3 |  3.0
Fighting       | 3 4 |  4.0

Action                   |  1- 3 |  4- 6 || total
-------------------------+-------+-------++-------
Melee: Short sword       |    10 |   134 ||   144
 Fire: Hand crossbow     |    30 |    92 ||   122
Throw: Stone             |     1 |     3 ||     4
  Use: Potion            |       |     3 ||     3
  Eat: Chunk             |     4 |    10 ||    14
Armor: Leather armour    |     4 |    37 ||    41
Dodge: Dodged            |    10 |   133 ||   143
